 Dungeon Crawl Stone Soup version 0.30.1-10-g1249ef9ec4 (webtiles) character file.

Game seed: 16128021409276707356

101 SacredBeard the Grave Robber (level 4, 0/30 HPs)
             Began as a Demonspawn Necromancer on Oct 26, 2023.
             Slain by an orc wizard
             ... wielding a +0 dagger
              (1 damage)
             ... on level 3 of the Dungeon.
             The game lasted 00:12:01 (2448 turns).

SacredBeard the Grave Robber (DsNe)                 Turns: 2448, Time: 00:12:01

Health: 0/30       AC:  7    Str:  8    XL:     4   Next: 48%
Magic:  8/8        EV: 12    Int: 18    God:
Gold:   194        SH:  0    Dex: 14    Spells: 8/9 levels left

rFire   . . .        g - staff of death
rCold   . . .        (no shield)
rNeg    + + .        E - +2 robe {rN+}
rPois   .            (helmet restricted)
rElec   .            (no cloak)
rCorr   .            a - +2 pair of gloves
SInv    .            (no boots)
Will    .....        f - amulet of magic regeneration
Stlth   ++           (no ring)
HPRegen 0.25/turn    (no ring)
MPRegen 0.51/turn

%: no passive effects
@: flying
A: antennae 1, demonic magic 1
a: no special abilities


You were on level 3 of the Dungeon.
You visited 1 branch of the dungeon, and saw 3 of its levels.

You collected 194 gold pieces.

Inventory:

Hand Weapons
 n - a +0 dagger
 t - a +0 trident
 y - a +0 club
 A - a +0 dagger
 B - a +0 sling
 C - a +0 hand axe
 D - a +0 flail
 F - a +0 club
 G - a +0 sling
Missiles
 o - 11 stones
Armour
 a - a +2 pair of gloves (worn)
 m - a +0 robe
 x - a +0 leather armour
 E - a +2 robe of positive energy (worn)
Magical Staves
 g - a staff of death (weapon)
Jewellery
 f - an amulet of magic regeneration (around neck)
Scrolls
 c - a scroll of vulnerability {unknown}
 h - 2 scrolls of fear {unknown}
 i - a scroll of acquirement {unknown}
 l - 4 scrolls of teleportation {unknown}
 p - a scroll of magic mapping {unknown}
 q - 3 scrolls of identify {unknown}
 r - 2 scrolls of enchant weapon {unknown}
 u - a scroll of butterflies {unknown}
 v - a scroll of blinking {unknown}
 z - a scroll of enchant armour {unknown}
 H - a scroll of immolation {unknown}
Potions
 b - a potion of magic
 d - a potion of flight
 e - a potion of resistance {unknown}
 j - 2 potions of lignification {unknown}
 k - a potion of cancellation {unknown}
 s - 2 potions of heal wounds {unknown}
 w - 2 potions of curing {unknown}


   Skills:
 + Level 1.3 Armour
 - Level 2.0 Dodging
 - Level 2.0 Stealth
 * Level 3.1 Spellcasting
 * Level 5.3 Necromancy


You had 8 spell levels left.
You knew the following spells:

 Your Spells              Type           Power      Damage    Failure   Level
a - Necrotise             Necr           100%       1d9       1%          1

Your spell library contained the following spells:

 Spells                   Type           Power      Damage    Failure   Level
 Vampiric Draining        Necr           32%        2d8       5%          3
 Animate Dead             Necr           32%        N/A       19%         4
 Agony                    Necr           32%        N/A       45%         5


Dungeon Overview and Level Annotations

Branches:
Dungeon (3/15) Zot: 15533

Altars:
Ashenzari
Vehumet

Shops:
D:1 =


Innate Abilities, Weirdness & Mutations

You have a pair of small antennae on your head.
Spells you cast may paralyse adjacent enemies.


Message History

The orc wizard hits you with a +0 dagger.
* * * LOW HITPOINT WARNING * * *
Casting: Necrotise (safe; 1% risk of failure)
Confirm with . or Enter, or press ? or * to list all spells.
Aiming: Necrotise (safe; 1% risk of failure)
Press: ? - help, Shift-Dir - straight line, f/p - orc wizard
Aim: an orc wizard, wielding a +0 dagger and wearing a +0 robe (heavily wounded, chance to affect: 83%)
You feel a surge of power!
The orc wizard writhes in agony.
Malevolent energies surge around you.
The orc wizard mumbles some strange words.
The orc wizard flickers and vanishes!
Casting: Necrotise (safe; 1% risk of failure)
Confirm with . or Enter, or press ? or * to list all spells.
You can't see any susceptible monsters within range! (Use Z to cast anyway.)
You hear some strange, mumbled words.
You are confused.
You hear some strange, mumbled words.
You hear a shout!
Something hits you.
* * * LOW HITPOINT WARNING * * *
Something hits you.
* * * LOW HITPOINT WARNING * * *
You hear some strange, mumbled words.
Something tries to affect you, but you resist.
Something hits you but does no damage. Something hits you.
* * * LOW HITPOINT WARNING * * *
You hear some strange, mumbled words.
You hear a shout!
Something barely misses you.
You feel less confused.
You hear some strange, mumbled words.
A puff of flame appears from out of thin air!
The puff of flame hits something!
Something hits you.
* * * LOW HITPOINT WARNING * * *
A puff of flame appears from out of thin air!
The puff of flame hits you.
* * * LOW HITPOINT WARNING * * *
It was a potion of flight.
You feel very buoyant.
You fly up into the air.
Something hits you.
You die...

########## #........#
#.######.# #.# #.#
########.######.##
#................#
.....##@###..##.##..##
### ##{{.##..........#
##.{.).##.######..#
#{....###.# #..#
#.##.## #.######..#
#.##.# #.........#
###.#### #########.#
##.....## ##.<.#.#
#..⌠.⌠..## #.###..#


There were no monsters in sight!

Vanquished Creatures
  3 adders
  A dart slug (D:1)
  An orc (D:3)
  3 ball pythons
  A bat (D:1)
  5 endoplasms
  3 giant cockroaches
  6 goblins
  7 hobgoblins
  10 jackals
  3 kobolds
  3 frilled lizards (D:1)
  7 rats
53 creatures vanquished.

Vanquished Creatures (collateral kills)
  A worm (D:3)
  A goblin (D:1)
  A hobgoblin (D:1)
  A jackal (D:3)
  2 frilled lizards
  A kobold (D:1)
  A rat (D:1)
8 creatures vanquished.

Grand Total: 61 creatures vanquished

Notes
Turn   | Place    | Note
-------+----------+-------------------------------------------
     0 | D:1      | SacredBeard the Demonspawn Necromancer began the quest for
                  | the Orb.
     0 | D:1      | Reached XP level 1. HP: 13/13 MP: 3/3
   170 | D:1      | Found a faded altar of an unknown god.
   189 | D:1      | Gained mutation: Spells you cast may paralyse adjacent
                  | enemies. [demonic ancestry]
   189 | D:1      | Reached XP level 2. HP: 18/19 MP: 3/5
   382 | D:1      | Found Caczint's Jewellery Shop.
   525 | D:1      | Gained mutation: You have a pair of small antennae on your
                  | head. [demonic ancestry]
   525 | D:1      | Reached XP level 3. HP: 24/24 MP: 4/6
  1065 | D:2      | Reached skill level 5 in Necromancy
  1581 | D:3      | Reached skill level 1 in Armour
  1756 | D:3      | Reached XP level 4. HP: 30/30 MP: 6/8
  2131 | D:3      | Found a broken altar of Ashenzari.
  2422 | D:3      | Found a radiant altar of Vehumet.
  2447 | D:3      | HP: 1/30 [something/puff of flame (2)]
  2448 | D:3      | Slain by an orc wizard

Illustrated notes

Levels and vault maps discovered:
D:1:      lemuel_arrival_rhombus, layout_basic,
          hellmonk_ecumenical_altar_lost_god, serial_shops, shop, minmay_vboxes
D:2:      layout_loops_corners, serial_bayou_ford_a
D:3:      layout_loops_corners, palyth_temple_overflow_mages,
          mainiacjoe_overflow_tiny_flanked, chequers_serial_rivers_micro_e,
          st_stairs_10, nrook_uturn

Skill      XL: |  1  2  3  4 |
---------------+-------------+-----
Stealth        | 2 |  2.0
Dodging        | 2 |  2.0
Necromancy     | 5 |  5.3
Armour         | 1 |  1.3
Spellcasting   | 3 |  3.1

Action                     |  1- 3 |  4- 6 || total
---------------------------+-------+-------++-------
  Melee: Unarmed           |     9 |       ||     9
   Cast: Necrotise         |    67 |    24 ||    91
    Use: Potion            |       |     1 ||     1
 Armour: Robe              |     4 |     6 ||    10
  Dodge: Dodged            |    31 |     5 ||    36
